Map: Lightshade LE

Players

Pumba - Winner!

  • Race: Zerg Zerg
  • League: Master
  • Spawn Location: 11:00

babyboggler

  • Race: Protoss Protoss
  • League: Master
  • Spawn Location: 5:00

VOD

Have the link to the VOD?

Description

Time

  • Played on: Sept. 21, 2021, 6:53 p.m.
  • Length: 9:00
Show
View Real Time Build Order
Export as new Build Order

Pumba Zerg - Winner!

Build Orders: Hatch First 

Get SALT Encoding   

  12  0:00  Drone  
  13  0:12  Overlord  
  13  0:17  Drone  
  14  0:31  Drone x2  
  14  0:34  Drone  
  17  0:52  Hatchery  
  17  0:55  Drone  
  17  0:57  Drone  
  18  1:09  Extractor  
  17  1:15  Spawning Pool  
  17  1:17  Drone  
  17  1:19  Drone  
  18  1:34  Drone  
  19  1:41  Drone  
  20  1:53  Overlord  
  20  2:02  Queen  
  20  2:04  Queen  
  20  2:05  Zergling x4  
  26  2:10  Metabolic Boost  
  26  2:12  Drone  
  27  2:15  Drone  
  27  2:21  Drone  
  29  2:26  Drone  
  30  2:33  Drone  
  30  2:36  Drone  
  32  2:44  Drone  
  32  2:47  Hatchery  
  32  2:54  Queen  
  32  2:55  Overlord  
  34  3:13  Overlord x2  
  34  3:15  Drone x2  
  34  3:19  Overlord  
  35  3:20  Overlord  
  35  3:32  Zergling x6  
  35  3:33  Zergling x2  
  39  3:34  Overlord  
  39  3:38  Drone  
  39  3:39  Drone  
  41  3:43  Queen x2  
  41  3:48  Drone x2  
  47  3:53  Drone x3  
  50  4:03  Spore Crawler, Drone x2  
  50  4:08  Drone  
  52  4:14  Spore Crawler  
  52  4:15  Drone  
  52  4:17  Drone  
  52  4:20  Drone x2  
  52  4:21  Drone x2  
  57  4:24  Drone x2  
  57  4:25  Queen  
  60  4:35  Drone  
  60  4:36  Drone x4  
  65  4:39  Roach Warren  
  65  4:40  Extractor  
  63  4:46  Lair, Drone x3  
  63  4:52  Extractor x2  
  65  4:57  Drone x4  
  68  5:03  Drone x3  
  68  5:04  Drone  
  72  5:13  Overlord x3  
  72  5:22  Extractor  
  72  5:23  Extractor  
  72  5:26  Drone  
  72  5:28  Drone x4  
  75  5:29  Drone x2, Evolution Chamber  
  75  5:31  Drone x3  
  79  5:39  Drone  
  79  5:40  Drone x2  
  79  5:42  Drone  
  83  5:43  Glial Reconstitution  
  83  5:47  Overseer, Spire  
  82  5:51  Roach x6  
  94  6:11  Hatchery  
  93  6:15  Overlord x5  
  93  6:16  Overlord x2  
  93  6:21  Roach x5  
  93  6:22  Overseer  
  103  6:36  Roach  
  103  6:37  Roach x7  
  103  6:38  Zergling x2  
  120  6:48  Overlord x2  
  123  7:01  Zergling x18  
  123  7:04  Zerg Flyer Weapons Level 1  
  129  7:26  Mutalisk x3  
  129  7:27  Mutalisk x8  
  129  7:29  Extractor  
  150  7:31  Zergling x4  
  150  7:33  Extractor  
  151  7:43  Zergling x4  
  151  7:44  Zergling x14  
  155  8:00  Roach x8  
  155  8:04  Drone  
  155  8:05  Drone  
  173  8:06  Evolution Chamber  
  173  8:07  Baneling Nest  
  173  8:09  Drone x2  
  174  8:12  Drone  
  174  8:25  Zergling x2  
  174  8:26  Zergling x2  
  176  8:28  Overlord x5  
  176  8:30  Hatchery  
Show
View Real Time Build Order
Export as new Build Order

babyboggler Protoss 

Build Orders: 1 Gate Expand, Oracle Opening, Zealot Archon 

Get SALT Encoding   

  12  0:00  Probe  
  13  0:12  Probe  
  14  0:18  Pylon  
  14  0:24  Probe (Chrono Boost)  
  15  0:37  Probe (Chrono Boost), Gateway  
  16  0:45  Probe (Chrono Boost)  
  16  0:47  Assimilator  
  17  0:51  Probe  
  18  1:20  Nexus  
  18  1:23  Probe (Chrono Boost)  
  19  1:32  Probe (Chrono Boost)  
  20  1:37  Probe (Chrono Boost)  
  21  1:42  Cybernetics Core  
  21  1:47  Assimilator  
  21  1:49  Probe  
  22  1:57  Pylon  
  22  2:01  Probe  
  23  2:15  Probe  
  24  2:18  Stargate, Stalker (Chrono Boost)  
  26  2:27  Probe  
  27  2:30  Warp Gate  
  27  2:32  Probe  
  28  2:39  Probe  
  28  2:42  Adept  
  31  2:44  Probe  
  32  2:51  Probe  
  34  2:58  Probe, Gateway  
  34  3:04  Probe  
  35  3:17  Oracle (Chrono Boost), Probe  
  35  3:18  Probe  
  37  3:24  Sentry  
  42  3:30  Probe  
  43  3:41  Probe  
  44  3:45  Pylon  
  44  3:47  Robotics Facility, Probe  
  45  3:53  Probe  
  45  3:55  Assimilator  
  46  4:01  Pylon  
  46  4:03  Probe  
  46  4:06  Probe  
  46  4:07  Assimilator  
  48  4:15  Probe  
  49  4:22  Zealot x2  
  50  4:41  Observer (Chrono Boost)  
  50  4:44  Zealot x2  
  55  4:46  Nexus  
  55  4:49  Probe x2, Pylon  
  57  4:57  Twilight Council, Observer  
  57  4:59  Forge  
  58  5:02  Probe  
  59  5:08  Probe  
  60  5:15  Probe  
  60  5:18  Shield Battery  
  60  5:21  Probe  
  62  5:24  Immortal  
  62  5:27  Probe  
  62  5:28  Pylon  
  67  5:29  Pylon  
  67  5:33  Probe  
  68  5:36  Protoss Ground Weapons Level 1 (Chrono Boost), Charge  
  68  5:37  Pylon  
  68  5:39  Probe, Pylon  
  69  5:45  Probe  
  70  5:51  Probe, Photon Cannon  
  70  5:53  Photon Cannon  
  71  5:57  Probe  
  71  5:59  Templar Archives  
  71  6:00  Probe  
  71  6:03  Immortal, Probe  
  78  6:09  Probe  
  78  6:11  Zealot  
  80  6:14  Observer  
  80  6:17  Probe  
  81  6:24  Gateway  
  81  6:26  Gateway  
  81  6:28  Gateway  
  81  6:30  Gateway, Probe  
  81  6:31  Probe  
  83  6:37  Probe  
  84  6:42  Assimilator  
  84  6:43  Probe, Psionic Storm  
  84  6:46  Assimilator  
  85  6:48  Immortal (Chrono Boost)  
  85  6:53  Probe  
  90  6:55  Probe x2  
  90  6:59  Stalker x2  
  96  7:05  Probe  
  97  7:12  Probe x2  
  99  7:26  Probe x3  
  102  7:35  Gateway  
  102  7:37  Gateway, High Templar x2  
  102  7:38  Probe x2, High Templar  
  102  7:42  Archon  
  103  7:55  Pylon  
  103  7:56  Pylon  
  103  7:58  Pylon  
  103  8:04  Pylon  
  103  8:07  Pylon  
  103  8:10  Immortal (Chrono Boost)  
  103  8:19  Zealot x2  
  111  8:26  High Templar  
Tags
 
Add a new tag
Caveats
  • Supply blocks, unpowered buildings, or Contaminate may cause inaccurate times.
  • Supply counts are checked every 10 seconds.